 Dungeon Crawl Stone Soup version 0.19.4-9-g45fd643 (webtiles) character file.

54982 Kosschaser the Severer (level 14, -16/129 HPs)
             Began as a Hill Orc Fighter on Feb 18, 2017.
             Was the Champion of Okawaru.
             Demolished by a halberd of venom (27 damage)
             ... on level 2 of the Elven Halls.
             The game lasted 01:12:09 (19404 turns).

Kosschaser the Severer (Hill Orc Fighter)          Turns: 19404, Time: 01:12:10

Health: -16/129    AC: 14    Str: 26    XL:     14   Next: 75%
Magic:  19/19      EV: 16    Int: 10    God:    Okawaru [******]
Gold:   373        SH: 13    Dex: 10    Spells: 0 memorised, 13 levels left

rFire  . . .     SeeInvis .     b - +6 broad axe of Fijuxt {pain, rPois rN+}
rCold  . . .     Gourm    .     k - +3 ring mail "Doatoen" {+Blink}
rNeg   + . .     Faith    .     c - +0 shield
rPois  +         Spirit   .     U - +0 hat
rElec  .         Reflect  .     l - +2 cloak {MR+}
rCorr  .         Harm     +     (no gloves)
MR     +++..                    (no boots)
Stlth  ..........               R - amulet of harm
                                v - ring of protection from magic
                                y - +3 ring of evasion

@: no status effects
A: antennae 1, clever 1, shaggy fur 1, strong 1
a: Heroism, Finesse, Renounce Religion, Evoke Blink


You were on level 2 of the Elven Halls.
You worshipped Okawaru.
Okawaru was exalted by your worship.
You were not hungry.

You visited 3 branches of the dungeon, and saw 15 of its levels.
You also visited: Sewer.

You collected 1597 gold pieces.
You spent 1224 gold pieces at shops.

Inventory:

Hand Weapons
 b - the +6 broad axe of Fijuxt (weapon) {pain, rPois rN+}
   (Okawaru gifted it to you on level 2 of the Orcish Mines)

   In the hands of one skilled in necromantic magic, it inflicts extra damage on
   living creatures.
   It protects you from poison.
   It protects you from negative energy.
 n - the +9 hand axe "Riets" {flame, MR- Str+9}
   (Okawaru gifted it to you on level 1 of the Elven Halls)

   It has been specially enchanted to burn those struck by it, causing extra
   injury to most foes and up to half again as much damage against particularly
   susceptible opponents.
   Big, fiery blades are also staple armaments of hydra-hunters.
   It affects your strength (+9).
   It affects your resistance to hostile enchantments.
 K - a +0 hand axe of electrocution
 O - a +2 hand axe of freezing
Missiles
 t - 5 javelins of penetration
 x - 6 steel javelins (quivered)
Armour
 c - a +0 shield (worn)
 k - the +3 ring mail "Doatoen" (worn) {+Blink}
   (Okawaru gifted it to you on level 1 of the Elven Halls)

   It lets you blink.
 l - a +2 cloak of magic resistance (worn)
 s - a +2 plate armour of fire resistance
 U - a +0 hat (worn)
Jewellery
 a - an uncursed ring of positive energy
 r - an uncursed ring of fire
 v - a ring of protection from magic (right hand)
 y - a +3 ring of evasion (left hand)
 J - an uncursed ring of protection from cold
 R - an amulet of harm (around neck)
Wands
 i - a wand of flame (34/48)
 F - a wand of iceblast (8/15)
 I - a wand of flame (28/48)
 Q - a wand of iceblast (7/15)
 T - a wand of slowing (3/48)
 W - a wand of enslavement (15/24)
Scrolls
 g - 7 scrolls of remove curse
 j - a scroll of teleportation
 o - a scroll of blinking
 p - 2 scrolls of magic mapping
 u - a scroll of torment {unknown}
 w - 2 scrolls of recharging
 L - a scroll of enchant armour {unknown}
 M - a scroll of immolation {unknown}
 P - a scroll of summoning
 S - 2 scrolls of amnesia {unknown}
Potions
 d - 3 potions of might
 e - a potion of cure mutation
 h - 2 potions of ambrosia
 m - 3 potions of flight
 z - a potion of heal wounds {unknown}
 A - 2 potions of mutation
 B - a potion of resistance {unknown}
 C - a potion of magic {unknown}
 D - 4 potions of curing
 E - 3 potions of haste
 G - a potion of agility
 N - a potion of berserk rage {unknown}
Comestibles
 f - 12 bread rations
 q - 4 meat rations
 H - 4 beef jerkies
 V - 3 chunks of flesh


   Skills:
 + Level 13.2 Fighting
 + Level 18.2 Axes
 + Level 0.3 Throwing
 + Level 10.6 Armour
 + Level 6.2 Dodging
 - Level 0.1 Stealth
 + Level 13.0 Shields
 + Level 7.2 Invocations
 + Level 0.4 Evocations


You had 13 spell levels left.
You didn't know any spells.

Dungeon Overview and Level Annotations

Branches:
Dungeon (11/15)            Temple (0/1) D:5            Lair (0/6) D:9
    Orc (2/2) D:11            Elf (2/3) Orc:2

Altars:
Dithmenos
Fedhas
Hepliaklqana
Kikubaaqudgha
Makhleb
Okawaru
Vehumet
Xom
Beogh

Shops:
D:7 !   D:11 (   Orc:1 }   Orc:2 (*[(%   Elf:1 %   Elf:2 [


Innate Abilities, Weirdness & Mutations

You have a pair of small antennae on your head.
Your mind is acute. (Int +2)
You are covered in fur. (AC +1)
Your muscles are strong. (Str +2)


Message History

You hit the war axe of flaming.
The war axe of flaming is moderately damaged.
The war axe of flaming misses you.
You slice the war axe of flaming!!
The war axe of flaming falls from the air.
Okawaru accepts your kill.
The halberd of venom hits you from afar!
The halberd of venom hits you!!
You see here a war axe of flaming.
The halberd of venom completely misses you.
You block the halberd of venom's attack.
You block the halberd of venom's attack.
You see here a war axe of flaming.
The halberd of venom hits you from afar!
* * * LOW HITPOINT WARNING * * *
The halberd of venom hits you from afar!
* * * LOW HITPOINT WARNING * * *
There is a stone staircase leading down, spattered with blood here.
The halberd of venom hits you from afar!!
You die...

####.# #.# #.# #.#
####.# #.# ...).#
#.# ###..# #.#
#.># #.# #..# #.#
#..##### #.####
#......# #.@..#
##.###.# ####(#
#.# #.# ##)# ##.#
#(# #...# #..# #.#
#(..# #.####.#
ยงยง...#
#.#.##.#######...#
#....#.#...###...#
#.......###..#####


You could see a halberd of venom.

Vanquished Creatures
  A deep elf sorcerer (Elf:1)
  An orc warlord (Orc:2)
  An ettin (Orc:1)
  Erolcha (D:11)
  6 dancing weapons
  The ghost of Felix the Cleaver, a novice DDBe of Trog (D:8)
  8 deep elf knights
  Sonja (Orc:2)
  An unseen horror (D:10)
  A wizard (Elf:1)
  3 orc knights
  2 hill giants
  10 deep elf archers
  41 deep elf magi
  2 orc sorcerers (Orc:2)
  The ghost of doot the Summoner, a novice TeSu of Sif Muna (D:6)
  Maurice (D:8)
  A kobold demonologist (Elf:1)
  3 trolls
  2 two-headed ogres
  A hornet (D:11)
  A dream sheep (shapeshifter) (Elf:1)
  3 hippogriffs
  Sigmund (D:6)
  4 air elementals
  A spriggan (D:7)
  2 wyverns
  2 water elementals
  16 yaks (D:10)
  Grum (D:8)
  2 fire elementals (Elf:2)
  A hungry ghost (D:10)
  8 wargs
  3 sky beasts (D:9)
  4 ice beasts
  28 orc warriors
  4 phantoms
  9 ogres
  The ghost of danebombitumenja the Shooter, an amateur CeHu (Sewer)
  A boggart (Elf:1)
  3 wolves (D:8)
  An eye of draining (D:11)
  A centaur (D:7)
  The ghost of sveltemanboy the Ducker, an amateur VSGl of Ashenzari (D:3)
  5 bullfrogs
  6 gnoll sergeants
  3 earth elementals (Elf:2)
  A wyvern zombie (D:11)
  4 scorpions
  6 killer bees (D:9)
  A howler monkey (D:4)
  A crimson imp (D:5)
  A quasit (D:7)
  7 hounds
  18 orc priests
  2 jellies
  4 bullfrog skeletons
  A gnoll shaman (D:5)
  Terence (D:3)
  22 orc wizards
  3 iguanas
  9 worker ants
  2 hound zombies
  A hound skeleton (D:8)
  4 worker ant zombies
  13 gnolls
  2 river rats (D:4)
  13 adders
  2 howler monkey skeletons (D:6)
  2 shadow imps
  2 oozes
  3 worms
  2 dart slugs (D:1)
  11 leopard geckos
  100 orcs
  6 bats
  17 giant cockroaches
  6 goblins
  6 hobgoblins
  6 jackals
  4 quokkas
  2 ball pythons (Sewer)
  6 frilled lizards
  6 kobolds
  2 quokka skeletons
  14 rats
514 creatures vanquished.

Notes
Turn   | Place    | Note
-------+----------+-------------------------------------------
     0 | D:1      | Kosschaser the Hill Orc Fighter began the quest for the Orb.
     0 | D:1      | Reached XP level 1. HP: 19/19 MP: 1/1
   165 | D:1      | Reached XP level 2. HP: 27/27 MP: 2/2
   300 | D:1      | Reached skill level 3 in Axes
   656 | D:1      | Reached XP level 3. HP: 33/33 MP: 3/3
  1358 | D:2      | Reached XP level 4. HP: 40/40 MP: 4/4
  1463 | D:2      | Reached skill level 4 in Axes
  1944 | D:3      | Noticed sveltemanboy's ghost (amateur VSGl)
  1948 | D:3      | Reached skill level 1 in Dodging
  1958 | D:3      | Killed sveltemanboy's ghost
  1958 | D:3      | Reached skill level 5 in Axes
  1958 | D:3      | Reached XP level 5. HP: 10/46 MP: 5/5
  2228 | D:3      | Noticed Terence
  2234 | D:3      | Killed Terence
  2452 | D:4      | Reached XP level 6. HP: 45/53 MP: 6/6
  2574 | D:4      | Found a glowing drain.
  2660 | Sewer    | Entered a sewer
  2721 | Sewer    | Noticed danebombitumenja's ghost (amateur CeHu)
  2753 | Sewer    | Killed danebombitumenja's ghost
  2753 | Sewer    | Reached skill level 6 in Axes
  3228 | Sewer    | Reached XP level 7. HP: 24/60 MP: 7/7
  3676 | D:4      | Paralysed by an orc for 5 turns
  3914 | D:4      | Found a shimmering altar of Xom.
  4101 | D:5      | Entered Level 5 of the Dungeon
  4115 | D:5      | Found an iron altar of Okawaru.
  4138 | D:5      | Became a worshipper of Warmaster Okawaru
  4212 | D:5      | Reached skill level 5 in Shields
  4215 | D:5      | Reached skill level 5 in Fighting
  4222 | D:5      | Reached skill level 7 in Axes
  4385 | D:5      | Found a staircase to the Ecumenical Temple.
  4535 | D:5      | Reached skill level 5 in Armour
  4554 | D:5      | Found a hazy altar of Hepliaklqana.
  4559 | D:5      | Found an ancient bone altar of Kikubaaqudgha.
  4564 | D:5      | Found a shadowy altar of Dithmenos.
  4653 | D:5      | Reached XP level 8. HP: 46/68 MP: 8/8
  4766 | D:5      | Reached * piety under Okawaru
  4943 | D:5      | Reached skill level 8 in Axes
  5048 | D:6      | Noticed Sigmund
  5053 | D:6      | Noticed doot's ghost (novice TeSu)
  5518 | D:6      | Reached skill level 9 in Axes
  5714 | D:6      | Noticed a hill giant
  5724 | D:6      | Killed a hill giant
  5724 | D:6      | Reached ** piety under Okawaru
  5724 | D:6      | Reached skill level 10 in Axes
  5724 | D:6      | Reached XP level 9. HP: 36/75 MP: 6/9
  6065 | D:6      | Killed Sigmund
  6108 | D:6      | Found a burning altar of Makhleb.
  6124 | D:6      | Killed doot's ghost
  6124 | D:6      | Reached skill level 11 in Axes
  6433 | D:7      | Reached skill level 1 in Invocations
  6613 | D:7      | Found Cifecotim's Distillery.
  6699 | D:7      | Reached XP level 10. HP: 85/86 MP: 11/11
  6890 | D:7      | Reached *** piety under Okawaru
  6984 | D:7      | Reached skill level 12 in Axes
  7332 | D:8      | Noticed Grum
  7356 | D:8      | Killed Grum
  7432 | D:8      | Found a blossoming altar of Fedhas.
  7445 | D:8      | Noticed Maurice
  7462 | D:8      | Killed Maurice
  7473 | D:8      | Noticed Felix's ghost (novice DDBe)
  7493 | D:8      | Killed Felix's ghost
  7556 | D:8      | Reached **** piety under Okawaru
  8469 | D:9      | Found a staircase to the Lair.
  8492 | D:9      | Reached XP level 11. HP: 13/94 MP: 10/13
  8515 | D:9      | HP: 3/94 [bullfrog (8)]
  8520 | D:9      | HP: 3/94 [bullfrog (1)]
  8750 | D:9      | Reached skill level 13 in Axes
  8816 | D:9      | Gained mutation: You are covered in fur. (AC +1) [mutagenic meat]
  8817 | D:9      | Gained mutation: Your muscles are strong. (Str +2) [mutagenic meat]
  8818 | D:9      | Gained mutation: You have a pair of small antennae on your head. [mutagenic meat]
  8819 | D:9      | Gained mutation: Your mind is acute. (Int +2) [mutagenic meat]
  9045 | D:9      | Found a radiant altar of Vehumet.
  9347 | D:10     | Entered Level 10 of the Dungeon
  9376 | D:10     | Reached ***** piety under Okawaru
  9397 | D:10     | Noticed a hill giant
  9412 | D:10     | Killed a hill giant
  9691 | D:10     | Killed an unseen horror
  9691 | D:10     | Received a gift from Okawaru
  9946 | D:10     | Reached skill level 14 in Axes
 10171 | D:11     | Reached skill level 10 in Shields
 10282 | D:11     | Found Bampy's Weapon Boutique.
 10302 | D:11     | Found a staircase to the Orcish Mines.
 10338 | D:11     | Reached XP level 12. HP: 77/106 MP: 7/14
 10596 | Orc:1    | Entered Level 1 of the Orcish Mines
 10683 | D:11     | Noticed Erolcha
 10692 | D:11     | Killed Erolcha
 10692 | D:11     | Reached skill level 5 in Dodging
 11665 | D:11     | Reached skill level 10 in Fighting
 12333 | Orc:1    | Noticed an ettin
 12404 | Orc:1    | Killed an ettin
 12467 | Orc:1    | Found Bymuomat's Gadget Shoppe.
 12730 | Orc:2    | Entered Level 2 of the Orcish Mines
 12785 | Orc:2    | Found a roughly hewn altar of Beogh.
 13057 | Orc:2    | Found Lotreime's Food Emporium.
 13120 | Orc:2    | Found a roughly hewn altar of Beogh.
 13192 | Orc:2    | Found a staircase to the Elven Halls.
 13239 | Orc:2    | Found a roughly hewn altar of Beogh.
 13240 | Orc:2    | Found Bomuk's General Store.
 13456 | Orc:2    | Found a roughly hewn altar of Beogh.
 13593 | Orc:2    | Found a roughly hewn altar of Beogh.
 13594 | Orc:2    | Noticed Sonja
 13615 | Orc:2    | Found Xoinagem's Antique Weapon Boutique.
 13635 | Orc:2    | Killed Sonja
 13635 | Orc:2    | Received a gift from Okawaru
 13950 | Orc:2    | Got a slimy broad axe {god gift}
 13951 | Orc:2    | Identified the +6 broad axe of Fijuxt {pain, rPois rN+} (Okawaru gifted it to you on level 2 of the Orcish Mines)
 14124 | Elf:1    | Entered Level 1 of the Elven Halls
 14158 | Elf:1    | Noticed a deep elf knight
 14163 | Orc:2    | Reached skill level 15 in Axes
 14170 | Elf:1    | Noticed a deep elf knight
 14181 | Orc:2    | Reached skill level 5 in Invocations
 14344 | Orc:2    | Killed a deep elf knight
 14632 | Elf:1    | Killed a deep elf knight
 14632 | Elf:1    | Reached XP level 13. HP: 100/116 MP: 16/16
 14875 | Elf:1    | Reached skill level 10 in Armour
 14947 | Elf:1    | Reached ****** piety under Okawaru
 14957 | Elf:1    | Found Qoatack's Food Shop.
 14981 | Elf:1    | Received a gift from Okawaru
 14988 | Elf:1    | Got a pitted ring mail {god gift}
 15062 | Orc:2    | Identified the +3 ring mail "Doatoen" {+Blink} (Okawaru gifted it to you on level 1 of the Elven Halls)
 15363 | Orc:2    | Noticed an orc warlord
 15647 | Orc:2    | Reached skill level 16 in Axes
 15653 | Orc:2    | Killed an orc warlord
 15891 | Orc:2    | Found Juc Rowo's Antique Weapon Shop.
 15892 | Orc:2    | Found a roughly hewn altar of Beogh.
 15895 | Orc:2    | Found Heulau's Antique Armour Boutique.
 15902 | Orc:2    | Bought a runed cloak for 325 gold pieces
 15902 | Orc:2    | Bought a runed plate armour for 899 gold pieces
 16301 | Elf:1    | Noticed a deep elf sorcerer
 16322 | Elf:1    | Killed a deep elf sorcerer
 16339 | Elf:1    | Reached skill level 17 in Axes
 17009 | Elf:1    | Reached XP level 14. HP: 81/126 MP: 18/18
 17160 | Elf:1    | Received a gift from Okawaru
 17163 | Elf:1    | Got a brightly glowing hand axe {god gift}
 17164 | Elf:1    | Identified the +9 hand axe "Riets" {flame, MR- Str+9} (Okawaru gifted it to you on level 1 of the Elven Halls)
 18023 | Elf:1    | Received a gift from Okawaru
 18046 | Elf:1    | Reached skill level 18 in Axes
 19177 | Elf:2    | Received a gift from Okawaru
 19224 | Elf:2    | Found Fidinof's Armour Boutique.
 19404 | Elf:2    | Demolished by a halberd of venom

Skill      XL: |  1  2  3  4  5  6  7  8  9 10 11 12 13 14 |
---------------+-------------------------------------------+-----
Axes           | 3 5 6 7 10 11 12 14 15 17 18 | 18.2
Fighting       | 4 5 6 7 8 9 11 12 13 | 13.2
Dodging        | 1 2 3 4 5 6 |  6.2
Armour         | 4 5 6 7 8 9 10 | 10.6
Shields        | 4 5 6 7 8 10 11 12 13 | 13.0
Invocations    | 1 2 3 5 6 7 |  7.2
Throwing       | |  0.3
Stealth        | |  0.1
Evocations     | |  0.4

Action                   |  1- 3 |  4- 6 |  7- 9 | 10-12 | 13-15 || total
-------------------------+-------+-------+-------+-------+-------++-------
Melee: War axe           |   117 |   211 |   231 |       |       ||   559
       Hand axe          |       |       |   144 |   814 |   158 ||  1116
       Broad axe         |       |       |       |    47 |   226 ||   273
Throw: Javelin           |       |       |       |     2 |       ||     2
Invok: Heroism           |       |       |     4 |    24 |    11 ||    39
       Finesse           |       |       |       |     3 |     3 ||     6
 Abil: Evoke Blink       |       |       |       |       |     1 ||     1
  Use: Scroll            |       |     5 |     2 |    13 |     4 ||    24
       Potion            |       |     1 |       |     2 |     2 ||     5
 Stab: Distracted        |       |       |       |       |     1 ||     1
  Eat: Chunk             |     1 |     6 |    12 |    32 |    14 ||    65
       Fruit             |       |       |       |     1 |     2 ||     3
Armor: Scale mail        |    79 |    89 |   130 |   127 |       ||   425
       Skin              |       |     4 |       |       |       ||     4
       Plate armour      |       |       |       |    55 |    12 ||    67
       Ring mail         |       |       |       |       |    40 ||    40
Dodge: Dodged            |    38 |    66 |   142 |   281 |   101 ||   628
Block: Shield            |    62 |   113 |   188 |   344 |   138 ||   845
